 Dungeon Crawl Stone Soup version 0.18-a0-971-g0af6217 (webtiles) character file.

11307 Duffy the Nimble (level 11, -6/73 HPs)
             Began as a Deep Elf Fire Elementalist on Jan 3, 2016.
             Was a Believer of Vehumet.
             Mangled by a black mamba (9 damage)
             ... on level 2 of the Lair of Beasts.
             The game lasted 00:29:07 (17731 turns).

Duffy the Nimble (Deep Elf Fire Elementalist)      Turns: 17731, Time: 00:29:07

Health: -6/73      AC:  9    Str:  8      XL:     11   Next: 47%
Magic:  49/49      EV: 18    Int: 24      God:    Vehumet [**....]
Gold:   492        SH:  0    Dex: 14 (15) Spells: 5 memorised, 10 levels left

rFire  . . .     SeeInvis .     n - staff of power {!a}
rCold  . . .     Gourm    .     a - +0 robe
rNeg   . . .     Faith    .     (no shield)
rPois  .         Spirit   .     v - +2 hat
rElec  .         Dismiss  .     r - +0 cloak
rCorr  .         Reflect  .     W - +0 pair of gloves
SustAt .         Harm     .     Q - +2 pair of boots
MR     ++...                    (no amulet)
Stlth  ++........               h - ring of protection from magic
                                P - ring of magical power

@: mighty, lethally poisoned (-6 -> -63), repel missiles, very resistant to
hostile enchantments, unstealthy
A: deterioration 1, robust 1, weak 1, subdued magic 1
a: Renounce Religion


You were on level 2 of the Lair of Beasts.
You worshipped Vehumet.
Vehumet was pleased with you.
You were hungry.

You visited 3 branches of the dungeon, and saw 13 of its levels.

You collected 492 gold pieces.


Innate Abilities, Weirdness & Mutations

Your body sometimes deteriorates upon taking damage.
You are robust (+10% HP).
You are weak. (Str -2)
Your spells are a little easier to cast, but a little less powerful.


   Skills:
 + Level 7.1 Fighting
 + Level 10.5 Dodging
 - Level 2.4 Stealth
 - Level 8.0 Spellcasting
 - Level 10.0 Conjurations
 - Level 10.0 Fire Magic


You had 10 spell levels left.
You knew the following spells:

 Your Spells              Type           Power        Failure   Level  Hunger
j - Sticky Flame          Conj/Fire      #####...     1%          4    ##.....
l - Conjure Flame         Conj/Fire      #####...     1%          3    None
n - Fireball              Conj/Fire      #####.....   1%          5    #####..
B - Blink                 Tloc           N/A          5%          2    None
M - Repel Missiles        Chrm/Air       #.....       5%          2    None

Inventory:

Hand Weapons
 y - a +0 blowgun
Missiles
 p - 3 curare-tipped needles
 z - 56 poisoned needles
 J - a throwing net (quivered)
Armour
 a - a +0 robe (worn)
 r - a +0 cloak (worn)
 v - a +2 hat (worn)
 Q - a +2 pair of boots (worn)
 W - a +0 pair of gloves (worn)
Magical Staves
 n - an uncursed staff of power (weapon) {!a}
Jewellery
 h - a ring of protection from magic (right hand)
 s - an uncursed ring of wizardry
 C - a +3 ring of strength
 K - an uncursed ring of positive energy
 P - a ring of magical power (left hand)
Wands
 i - a wand of magic darts (16/48)
 o - a wand of polymorph (21/24)
 q - a wand of slowing (19/48)
 T - a wand of paralysis (14/24)
Scrolls
 e - 2 scrolls of blinking
 f - 4 scrolls of teleportation
 k - 3 scrolls of recharging
 l - 5 scrolls of remove curse
 m - 2 scrolls of fog
 V - a scroll of enchant weapon
Potions
 g - a potion of cancellation
 j - 2 potions of ambrosia
 w - 3 potions of curing
 B - 2 potions of cure mutation
 D - a potion of might
 G - 2 potions of invisibility
Books
 b - a book of Flames
 M - a book of Minor Magic
 R - a book of Maledictions
Comestibles
 c - 6 bread rations
 d - a slice of pizza
 t - 2 fruits
 H - 9 meat rations
 S - a beef jerky

Dungeon Overview and Level Annotations

Branches:
Dungeon (10/15)            Temple (1/1) D:5            Lair (2/8) D:10
    Orc: D:9-12

Altars:
Ashenzari
Cheibriados
Dithmenos
Elyvilon
Fedhas
Gozag
Kikubaaqudgha
Makhleb
Nemelex Xobeh
Okawaru
Pakellas
Qazlal
Ru
Sif Muna
Trog
Vehumet
Xom
Yredelemnul
Zin
The Shining One

Shops:
D:5 *

Annotations:
D:7 exclusion: statue


Message History

It was a potion of mutation.
You feel extremely strange.
You feel weaker.
You feel robust.
You feel yourself wasting away. The black mamba misses you.
The black mamba bites you!
You are poisoned.
The black mamba poisons you!
Drink which item? (? for menu, Esc to quit)
It was a potion of magic.
Magic courses through your body.
You feel sick. The black mamba misses you. The black mamba barely misses you.
Drink which item? (? for menu, Esc to quit)
You feel extremely strange.
Your connection to magic feels subdued.
You feel sick. The black mamba barely misses you. The black mamba bites you!
You are more poisoned.
The black mamba poisons you!
Drink which item? (? for menu, Esc to quit)
You feel very mighty all of a sudden.
You feel very sick. The black mamba misses you.
Drink which item? (? for menu, Esc to quit)
Okay, then.
Read which item? (? for menu, Esc to quit)
Okay, then.
You feel very sick. The black mamba barely misses you.
The black mamba bites you!
You feel sick. The black mamba bites you.
You are more poisoned.
The black mamba poisons you! The black mamba completely misses you.
You feel very sick.
The black mamba bites you but does no damage.
The black mamba bites you!
You feel very sick. The black mamba bites you!
Your body deteriorates!
You feel clumsy.
You are more poisoned.
The black mamba poisons you! The black mamba bites you!
You die...

###...........##
#.............P##
###..........<....##
.............).....##
#...................#
...................#####
...................#P#.#
......................##
......S@..............##
.....).................#
...............##.....P#
....#...........#......#
... .#........P.........
.. ##.........P..P#.....
. .........P.#.###....
#...........# #..#..
.... ####..


You could see a black mamba.

Action                   |  1- 3 |  4- 6 |  7- 9 | 10-12 || total
-------------------------+-------+-------+-------+-------++-------
Melee: Dagger            |       |       |   211 |   463 ||   674
 Cast: Flame Tongue      |    41 |   202 |   311 |   349 ||   903
       Conjure Flame     |       |     7 |    14 |    14 ||    35
       Fireball          |       |     2 |     1 |     8 ||    11
       Sticky Flame      |       |     1 |    19 |    19 ||    39
       Repel Missiles    |       |       |       |     3 ||     3
  Use: Scroll            |       |       |       |    21 ||    21
       Potion            |       |       |       |     5 ||     5
  Eat: Chunk             |     1 |    12 |    17 |    18 ||    48
       Fruit             |       |       |       |     4 ||     4
       Pizza             |       |       |       |     2 ||     2
       Beef jerky        |       |       |       |     2 ||     2

Notes
Turn   | Place    | Note
--------------------------------------------------------------
     0 | D:1      | Duffy the Deep Elf Fire Elementalist began the quest for the Orb.
     0 | D:1      | Reached XP level 1. HP: 10/10 MP: 6/6
   562 | D:1      | Reached XP level 2. HP: 15/15 MP: 6/8
   625 | D:1      | Reached skill level 2 in Conjurations
   886 | D:1      | Reached skill level 4 in Spellcasting
   886 | D:1      | Reached XP level 3. HP: 19/19 MP: 3/10
   891 | D:1      | Learned a level 3 spell: Conjure Flame
  1285 | D:2      | Reached XP level 4. HP: 24/24 MP: 10/12
  1306 | D:2      | Learned a level 4 spell: Sticky Flame
  1401 | D:2      | Reached skill level 3 in Conjurations
  1644 | D:2      | Noticed Robin
  1699 | D:2      | Killed Robin
  2203 | D:2      | Found a bloodstained altar of Trog.
  2217 | D:2      | Found an iron altar of Okawaru.
  2355 | D:2      | Reached XP level 5. HP: 19/28 MP: 14/14
  2866 | D:2      | Reached skill level 4 in Fire Magic
  3030 | D:3      | Learned a level 5 spell: Fireball
  3106 | D:3      | Reached skill level 5 in Spellcasting
  3106 | D:3      | Reached skill level 4 in Conjurations
  3259 | D:3      | You fall through a shaft for 2 floors!
  3259 | D:5      | Entered Level 5 of the Dungeon
  3433 | D:4      | Found a basalt altar of Yredelemnul.
  3599 | D:3      | Reached XP level 6. HP: 32/32 MP: 16/16
  3876 | D:3      | Noticed Kilrog's ghost (amateur MfVM)
  4110 | D:3      | Killed Kilrog's ghost
  4110 | D:3      | Reached skill level 5 in Fire Magic
  4513 | D:4      | Reached skill level 5 in Conjurations
  5210 | D:4      | Reached XP level 7. HP: 36/36 MP: 17/17
  5251 | D:4      | Reached skill level 6 in Spellcasting
  5694 | D:5      | Found Zin's Purification Station.
  5721 | D:5      | Reached skill level 6 in Conjurations
  5787 | D:5      | Found a glowing silver altar of Zin.
  5820 | D:5      | Found a staircase to the Ecumenical Temple.
  5829 | Temple   | Entered the Ecumenical Temple
  5996 | D:5      | Reached skill level 6 in Fire Magic
  6197 | D:5      | Reached XP level 8. HP: 39/41 MP: 20/20
  6288 | D:5      | Found a snail-covered altar of Cheibriados.
  6290 | D:5      | Noticed Eustachio
  6434 | D:5      | Killed Eustachio
  6434 | D:5      | Reached skill level 7 in Spellcasting
  6434 | D:5      | Reached skill level 7 in Conjurations
  6545 | D:5      | You fall through a shaft!
  6690 | D:5      | Reached skill level 7 in Fire Magic
  6939 | D:5      | Found a sacrificial altar of Ru.
  7152 | D:6      | Found a shadowy altar of Dithmenos.
  7155 | D:6      | Found a sparkling altar of Nemelex Xobeh.
  7234 | D:6      | Found a deep blue altar of Sif Muna.
  7276 | D:6      | Reached skill level 8 in Conjurations
  7582 | D:6      | Noticed Edmund
  7599 | D:6      | Killed Edmund
  7599 | D:6      | Reached skill level 8 in Spellcasting
  7599 | D:6      | Reached skill level 8 in Fire Magic
  7599 | D:6      | Reached XP level 9. HP: 45/45 MP: 23/23
  8329 | D:7      | You fall through a shaft!
  8351 | D:8      | Reached skill level 9 in Fire Magic
  8620 | D:7      | Reached skill level 9 in Conjurations
  8888 | D:7      | Found a radiant altar of Vehumet.
  8947 | D:7      | Noticed Duvessa
  8947 | D:7      | Noticed Dowan
  9070 | D:7      | Killed Duvessa
  9074 | D:7      | Killed Dowan
  9422 | D:7      | Became a worshipper of Vehumet
  9712 | D:7      | Reached skill level 10 in Conjurations
  9786 | D:8      | Reached skill level 10 in Fire Magic
  9872 | D:8      | Reached skill level 1 in Fighting
  9928 | D:8      | Noticed a green ugly thing
  9938 | D:8      | Killed a green ugly thing
  9938 | D:8      | Reached skill level 2 in Fighting
  9938 | D:8      | Reached skill level 3 in Dodging
 10144 | D:7      | Reached skill level 4 in Dodging
 10404 | D:8      | Reached XP level 10. HP: 49/53 MP: 24/24
 10488 | D:8      | Learned a level 2 spell: Blink
 10491 | D:8      | Learned a level 2 spell: Repel Missiles
 10730 | D:8      | Found a basalt altar of Yredelemnul.
 11254 | D:8      | Found a shimmering altar of Xom.
 11254 | D:8      | Found a shimmering altar of Xom.
 11255 | D:8      | Found a shimmering altar of Xom.
 11257 | D:8      | Found a shimmering altar of Xom.
 11258 | D:8      | Found a shimmering altar of Xom.
 11398 | D:8      | Noticed a fire crab
 11398 | D:8      | a hippogriff changed into a fire crab
 11405 | D:8      | Noticed a swamp dragon
 11415 | D:8      | Noticed an octopode
 11415 | D:8      | a swamp dragon changed into an octopode
 11530 | D:8      | Noticed an elephant
 11530 | D:8      | a boulder beetle changed into an elephant
 11564 | D:8      | an elephant changed into a boulder beetle
 11589 | D:8      | Noticed a torpor snail
 11589 | D:8      | a boulder beetle changed into a torpor snail
 11750 | D:9      | Reached skill level 3 in Fighting
 11750 | D:9      | Reached skill level 5 in Dodging
 11808 | D:9      | Reached * piety under Vehumet
 11808 | D:9      | Offered knowledge of Sandblast by Vehumet.
 12365 | D:9      | Reached skill level 6 in Dodging
 12509 | D:9      | Reached skill level 4 in Fighting
 12898 | D:9      | Noticed Voda's ghost (novice OpBe)
 12913 | D:9      | Killed Voda's ghost
 12913 | D:9      | Reached skill level 7 in Dodging
 12984 | D:9      | Found a glowing golden altar of the Shining One.
 13035 | D:9      | Noticed Pikel
 13550 | D:9      | Killed Pikel
 13550 | D:9      | Reached skill level 5 in Fighting
 13577 | D:9      | Reached skill level 8 in Dodging
 13934 | D:10     | Entered Level 10 of the Dungeon
 14062 | D:10     | Reached ** piety under Vehumet
 14062 | D:10     | Offered knowledge of Throw Frost by Vehumet.
 14580 | D:10     | Noticed an unseen horror
 14585 | D:10     | Killed an unseen horror
 14585 | D:10     | Reached XP level 11. HP: 30/64 MP: 25/25
 14831 | D:10     | Noticed an oklob plant
 14859 | D:10     | Reached skill level 9 in Dodging
 15329 | D:10     | Reached skill level 6 in Fighting
 15562 | D:10     | Found a staircase to the Lair.
 15569 | D:10     | Killed an oklob plant
 15623 | Lair:1   | Entered Level 1 of the Lair of Beasts
 17025 | Lair:1   | Reached skill level 10 in Dodging
 17332 | Lair:2   | Reached skill level 7 in Fighting
 17343 | Lair:2   | Offered knowledge of Searing Ray by Vehumet.
 17724 | Lair:2   | Gained mutation: You are weak. (Str -2) [potion of mutation]
 17724 | Lair:2   | Gained mutation: You are robust (+10% HP). [potion of mutation]
 17724 | Lair:2   | Gained mutation: Your body sometimes deteriorates upon taking damage. [potion of mutation]
 17726 | Lair:2   | Gained mutation: Your spells are a little easier to cast, but a little less powerful. [potion of mutation]
 17731 | Lair:2   | Mangled by a black mamba

Vault maps used:
D:1:      minmay_arrival_solitary_statue
D:2:      kennysheep_goblin_castle, bloody_trog, okawaru_metal_pillars_3
D:3:      first_bread, kennysheep_generic_room_3
D:4:      serial_bayou_pond_c, yredelemnul_altar_generic
D:5:      zin_purify, slow_altar_1, minmay_temple_entry_poolview, basic_altar,
          uniq_eustachio
D:6:      nemelex_deck, nicolae_overflow_crystal_walls, portal_sewer_entry_d,
          basic_altar, uniq_edmund
D:7:      vehumet_statue, uniq_duvessa
D:8:      kennysheep_ambush_hall, xom_shifter_show, basic_altar
D:9:      nicolae_tso_carved_into_rock, uniq_pikel
D:10:     dpeg_oklobed_lair
Temple:   water_room_temple_b_12
Lair:1:   serial_bayou, serial_bayou_lagoon_a, serial_bayou_pond_e,
          serial_bayou_shore_b, serial_bayou_ford_a, serial_bayou_pond_c,
          serial_bayou_shore_b, grunt_megastairs_2
Lair:2:   hibernation_bobbens

Vanquished Creatures
  An unseen horror
  The ghost of Voda the Basher, a novice OpBe of Trog Pikel
  An oklob plant
  An ugly thing
  A spiny frog
  A komodo dragon
  6 blink frogs
  A wraith
  5 yaks Eustachio
  2 hippogriffs
  The ghost of Kilrog the Stinger, an amateur MfVM of Ashenzari Edmund
  4 water moccasins
  2 orc warriors
  3 porcupines Duvessa
  3 slaves
  6 ice beasts
  3 sky beasts
  4 ogres
  2 black bears
  4 centaurs
  3 crocodiles
  6 giant frogs
  A gnoll sergeant
  A big kobold Dowan
  A wyvern skeleton
  4 scorpions
  An electric eel
  6 crimson imps
  2 giant frog zombies
  3 quasits
  A centaur zombie
  4 hounds
  9 orc priests
  2 centaur skeletons
  3 jellies
  11 orc wizards
  9 iguanas
  6 worker ants
  2 hound skeletons Robin
  15 adders
  12 gnolls
  3 shadow imps
  4 oozes
  2 worms
  10 giant geckos
  47 orcs
  8 giant cockroaches
  22 goblins
  22 hobgoblins
  21 jackals
  7 quokkas
  9 bats
  9 giant newts
  A jackal zombie
  5 kobolds
  A quokka skeleton
  A quokka zombie
  5 rats
  5 plants
342 creatures vanquished.
